 Dungeon Crawl Stone Soup version 0.30-a0-165-g1891117ce2 (webtiles) character file.

Game seed: 17447169407729934627

1639 qw the Cleaver (level 8, -3/51 HPs)
             Began as a Gargoyle Fighter on Sept 28, 2022.
             Slain by a rust devil (11 damage)
             ... on level 6 of the Dungeon.
             The game lasted 00:02:34 (7044 turns).

qw the Cleaver (Gargoyle Fighter)                   Turns: 7044, Time: 00:02:34

Health: -3/51      AC: -1    Str: 23    XL:     8   Next: 99%
Magic:  8/8        EV: 10    Int:  8    God:
Gold:   367        SH:  4    Dex:  9    Spells: 7/7 levels left

rFire   . . .      SeeInvis .    Y - +1 war axe (vorpal)
rCold   + . .      Faith    .    c - +0 buckler
rNeg    + . .      Spirit   .    i - +2 scale mail {rC+}
rPois   inf        Reflect  .    (no helmet)
rElec   +          Harm     .    (no cloak)
rCorr   .          Rampage  .    (no gloves)
Will    .....                    (no boots)
Stlth   ..........               j - amulet of regeneration
HPRegen 0.97/turn                (no ring)
MPRegen 0.11/turn                (no ring)

@: about to teleport, corroded
A: sickness immunity, AC +5, negative energy resistance 1, electricity
resistance, torment resistance 1, petrification resistance, talons 1, MP-powered
wands
a: no special abilities


You were on level 6 of the Dungeon.
You visited 2 branches of the dungeon, and saw 8 of its levels.

You collected 367 gold pieces.


Innate Abilities, Weirdness & Mutations

You are immune to sickness and miasma.
Your stone body is resilient. (AC +5)
You are immune to poison.
You resist negative energy. (rN+)
You are resistant to electric shocks. (rElec)
You are resistant to unholy torment.
You are immune to petrification.
You have sharp toenails.
You expend magic power (3 MP) to strengthen your wands.


   Skills:
 - Level 6.0 Fighting
 + Level 8.6 Axes
 - Level 2.0 Throwing
 - Level 3.2 Armour
 - Level 2.2 Dodging
 - Level 3.2 Shields


You had 7 spell levels left.
You didn't know any spells.
Your spell library was empty.

Inventory:

Hand Weapons
 f - a +0 flail of holy wrath
 Y - a +1 vorpal war axe (weapon)
Missiles
 k - 3 silver javelins (quivered)
 n - 3 boomerangs
Armour
 c - a +0 buckler (worn)
 i - a +2 scale mail of cold resistance (worn)
 l - a +0 chain mail
 m - a +1 ring mail of fire resistance
Jewellery
 j - an amulet of regeneration (around neck)
Scrolls
 a - 5 scrolls of identify
Potions
 b - a potion of mutation
 d - 2 potions of might
 g - a potion of curing
 o - a potion of lignification

Dungeon Overview and Level Annotations

Branches:
Dungeon (7/15)             Temple (1/1) D:5

Altars:
Ashenzari
Cheibriados
Dithmenos
Elyvilon
Fedhas
Gozag
Kikubaaqudgha
Nemelex Xobeh
Qazlal
Ru
Sif Muna
Trog
Uskayaw
Wu Jian
Zin
The Shining One

Annotations:
D:2 1 runed translucent door, Crazy Yiuf
D:5 3 runed translucent doors, qw's ghost, novice GrFi
D:6 1 runed translucent door, qw's ghost, amateur GrFi


Message History

The silver javelin pierces through the orc warrior!
The orc warrior is heavily wounded.
You hit the orc warrior.
You claw the orc warrior, but do no damage.
The orc warrior is almost dead.
You hit the orc warrior but do no damage.
The orc warrior hits you with a +0 long sword!
The orc warrior hits you with a +0 hand axe.
You slash the orc warrior!
You kill the orc warrior!
You hit the orc warrior but do no damage.
The orc warrior hits you with a +0 long sword.
You barely miss the orc warrior.
You claw the orc warrior, but do no damage.
The orc warrior hits you with a +0 long sword.
The rust devil completely misses you. The orc warrior closely misses you.
You barely miss the rust devil.
You claw the rust devil, but do no damage.
You barely miss the orc warrior.
You hit the rust devil but do no damage.
The rust devil hits you. The rust devil corrodes you! The rust devil hits you!
The rust devil corrodes you! The orc warrior barely misses you.
You completely miss the rust devil. You claw the rust devil.
The rust devil is lightly wounded.
You barely miss the orc warrior. You barely miss the rust devil.
The rust devil hits you! The rust devil corrodes you! The rust devil hits you.
The rust devil corrodes you!
The orc warrior hits you with a +0 long sword.
7043 ||| READING scroll of teleportation.
As you read the scroll of teleportation, it crumbles to dust.
You feel strangely unstable. The rust devil hits you!
The rust devil corrodes you! The rust devil barely misses you.
The orc warrior barely misses you.
You closely miss the rust devil.
You claw the rust devil, but do no damage.
The rust devil is lightly wounded.
You barely miss the orc warrior.
You hit the rust devil but do no damage.
The rust devil hits you!
You die...

# #..# #### ####..## ###......##
##...###...## #..###,###..#
##.##)#+#)##.## #..#7.....7#..#
#.##......4##.# #
##.#\...8..o@#.#
#####..##......4##.# ###
...#....#7.....7#..# #787
........##(#+#)##..# #W).
#........###,###...#### ##+#
.#.........###........## #.?.
.#.....................# ##...
<##........[...........######...#
.###.............................


You could see 2 rust devils and an orc warrior.

Vanquished Creatures
  Sigmund (D:2)
  Edmund (D:4)
  2 orc warriors
  2 ice beasts
  A necrophage (D:5)
  2 scorpions
  4 wights
  A howler monkey (D:5)
  A jelly (D:7)
  2 hounds
  5 orc priests
  Jessica (D:2)
  An iguana (D:6)
  3 orc wizards
  10 adders
  A white imp (D:7)
  2 worms
  3 dart slugs
  15 orcs
  5 ball pythons
  6 bats
  8 endoplasms
  2 giant cockroaches
  5 goblins
  7 hobgoblins
  4 jackals (D:2)
  3 quokkas
  4 frilled lizards
  14 kobolds
  7 rats
123 creatures vanquished.

Vanquished Creatures (others)
  17 plants (D:3)
17 creatures vanquished.

Grand Total: 140 creatures vanquished

Notes
Turn   | Place    | Note
-------+----------+-------------------------------------------
     0 | D:1      | qw the Gargoyle Fighter began the quest for the Orb.
     0 | D:1      | Reached XP level 1. HP: 14/14 MP: 1/1
     0 | D:1      | 0 ||| qw: Version: 0.2-a-12-gaebbb33
     0 | D:1      | 0 ||| qw: Game counter: 861
     0 | D:1      | 0 ||| qw: Always use a shield: true
     0 | D:1      | 0 ||| qw: God list: Okawaru
     0 | D:1      | 0 ||| qw: Allow faded altars: false
     0 | D:1      | 0 ||| qw: Do Orc after D:15 true
     0 | D:1      | 0 ||| qw: Do second Lair branch before Depths: true
     0 | D:1      | 0 ||| qw: Lair rune preference: random
     0 | D:1      | 0 ||| qw: Plans: Normal, Zot:1-4, God:TSO, Crypt, Tomb,
                  | Pan, Slime:5, Hells, Abyss, Orb
     0 | D:1      | 0 ||| PLANNING D:1-11
    67 | D:1      | Reached skill level 2 in Axes
    73 | D:1      | 73 ||| Stepping ~*~*~tactically~*~*~ (stealth).
    74 | D:1      | 74 ||| Stepping ~*~*~tactically~*~*~ (stealth).
    76 | D:1      | 76 ||| Stepping ~*~*~tactically~*~*~ (stealth).
   102 | D:1      | 102 ||| Stepping ~*~*~tactically~*~*~ (stealth).
   263 | D:1      | Reached XP level 2. HP: 19/19 MP: 2/2
   522 | D:1      | 522 ||| Stepping ~*~*~tactically~*~*~ (stealth).
   608 | D:1      | 608 ||| Stepping ~*~*~tactically~*~*~ (stealth).
   637 | D:1      | Reached skill level 3 in Axes
   639 | D:1      | Found a faded altar of an unknown god.
   643 | D:1      | 643 ||| Stepping ~*~*~tactically~*~*~ (stealth).
   681 | D:1      | Reached XP level 3. HP: 23/23 MP: 3/3
  1112 | D:1      | 1112 ||| READING scroll labelled OLUOSTR CICI.
  1179 | D:2      | 1179 ||| STAIRDANCE
  1268 | D:2      | 1268 ||| Stepping ~*~*~tactically~*~*~ (stealth).
  1270 | D:2      | 1270 ||| Stepping ~*~*~tactically~*~*~ (stealth).
  1334 | D:2      | Found a white marble altar of Elyvilon.
  1433 | D:2      | 1433 ||| Stepping ~*~*~tactically~*~*~ (stealth).
  1695 | D:2      | Noticed Jessica
  1702 | D:2      | 1702 ||| Stepping ~*~*~tactically~*~*~ (hiding).
  1704 | D:2      | 1704 ||| Stepping ~*~*~tactically~*~*~ (hiding).
  1707 | D:2      | 1707 ||| Stepping ~*~*~tactically~*~*~ (hiding).
  1711 | D:2      | Killed Jessica
  1712 | D:2      | Reached skill level 4 in Axes
  1712 | D:2      | Reached XP level 4. HP: 8/28 MP: 4/4
  1944 | D:2      | Noticed Sigmund
  1945 | D:2      | 1945 ||| Stepping ~*~*~tactically~*~*~ (hiding).
  1958 | D:2      | Killed Sigmund
  1959 | D:2      | Reached skill level 5 in Axes
  1959 | D:2      | Reached XP level 5. HP: 17/32 MP: 5/5
  1959 | D:2      | Reached XP level 6. HP: 20/37 MP: 6/6
  2347 | D:2      | Found a runed translucent door.
  2348 | D:2      | 2348 ||| DROPPING +0 club.
  2349 | D:2      | Noticed Crazy Yiuf
  2353 | D:2      | 2353 ||| DROPPING +0 hammer.
  2493 | D:2      | 2493 ||| READING scroll labelled TINLIA EXKUPN.
  2917 | D:3      | 2917 ||| Stepping ~*~*~tactically~*~*~ (hiding).
  2918 | D:3      | 2918 ||| Stepping ~*~*~tactically~*~*~ (hiding).
  2927 | D:3      | 2927 ||| FLEEEEING.
  2928 | D:3      | 2928 ||| FLEEEEING.
  2929 | D:3      | 2929 ||| FLEEEEING.
  2930 | D:3      | 2930 ||| FLEEEEING.
  2935 | D:3      | 2935 ||| FLEEEEING.
  2936 | D:3      | 2936 ||| FLEEEEING.
  2937 | D:3      | 2937 ||| FLEEEEING.
  2938 | D:3      | 2938 ||| FLEEEEING.
  2939 | D:3      | 2939 ||| FLEEEEING.
  2940 | D:3      | 2940 ||| FLEEEEING.
  2941 | D:3      | 2941 ||| FLEEEEING.
  2942 | D:3      | 2942 ||| FLEEEEING.
  2943 | D:3      | 2943 ||| FLEEEEING.
  2959 | D:3      | 2959 ||| FLEEEEING.
  2960 | D:3      | 2960 ||| FLEEEEING.
  2961 | D:3      | 2961 ||| FLEEEEING.
  2962 | D:3      | 2962 ||| FLEEEEING.
  2963 | D:3      | 2963 ||| FLEEEEING.
  2964 | D:3      | 2964 ||| FLEEEEING.
  2965 | D:3      | 2965 ||| FLEEEEING.
  2966 | D:3      | 2966 ||| FLEEEEING.
  3122 | D:3      | 3122 ||| Stepping ~*~*~tactically~*~*~ (hiding).
  3136 | D:3      | 3136 ||| Stepping ~*~*~tactically~*~*~ (stealth).
  3153 | D:3      | 3153 ||| Stepping ~*~*~tactically~*~*~ (stealth).
  3245 | D:3      | 3245 ||| Stepping ~*~*~tactically~*~*~ (stealth).
  3248 | D:3      | 3248 ||| Stepping ~*~*~tactically~*~*~ (stealth).
  3251 | D:3      | 3251 ||| Stepping ~*~*~tactically~*~*~ (stealth).
  3252 | D:3      | 3252 ||| Stepping ~*~*~tactically~*~*~ (stealth).
  3528 | D:3      | 3528 ||| UPGRADING to amulet of regeneration.
  3533 | D:3      | 3533 ||| READING 2 scrolls labelled MULAYR VILA.
  3534 | D:3      | 3534 ||| DRINKING 2 puce potions.
  3535 | D:3      | 3535 ||| READING 2 scrolls of identify.
  3535 | D:3      | 3535 ||| IDENTIFYING smoky coppery potion
  3536 | D:3      | 3536 ||| DROPPING potion of flight.
  3537 | D:3      | 3537 ||| DROPPING potion of magic.
  3538 | D:3      | 3538 ||| DROPPING scroll of blinking.
  3684 | D:4      | Noticed Edmund
  3685 | D:4      | 3685 ||| Stepping ~*~*~tactically~*~*~ (stealth).
  3688 | D:4      | 3688 ||| Stepping ~*~*~tactically~*~*~ (stealth).
  3690 | D:4      | 3690 ||| Stepping ~*~*~tactically~*~*~ (stealth).
  3691 | D:4      | 3691 ||| Stepping ~*~*~tactically~*~*~ (stealth).
  3698 | D:4      | 3698 ||| Stepping ~*~*~tactically~*~*~ (stealth).
  3714 | D:4      | Killed Edmund
  3715 | D:4      | Reached XP level 7. HP: 24/43 MP: 7/7
  3737 | D:4      | 3737 ||| DROPPING +2 hammer of holy wrath.
  3738 | D:4      | 3738 ||| Stepping ~*~*~tactically~*~*~ (stealth).
  4086 | D:4      | 4086 ||| UPGRADING to +2 scale mail of cold resistance.
  4096 | D:4      | 4096 ||| DROPPING +0 scale mail.
  4097 | D:4      | 4097 ||| DROPPING ring of magical power.
  4098 | D:4      | 4098 ||| READING 3 scrolls of identify.
  4098 | D:4      | 4098 ||| IDENTIFYING ruby potion
  4099 | D:4      | 4099 ||| READING 2 scrolls of identify.
  4099 | D:4      | 4099 ||| IDENTIFYING cyan potion
  4100 | D:4      | 4100 ||| DROPPING potion of ambrosia.
  4126 | D:5      | Entered Level 5 of the Dungeon
  4132 | D:5      | Found a runed translucent gate.
  4133 | D:5      | Found a runed translucent gate.
  4133 | D:5      | Found an opulent altar of Gozag.
  4134 | D:5      | Found a runed translucent gate.
  4137 | D:5      | Noticed a two-headed ogre
  4137 | D:5      | Noticed qw's ghost (novice GrFi)
  4194 | D:5      | Reached skill level 6 in Axes
  4283 | D:5      | 4283 ||| Stepping ~*~*~tactically~*~*~ (hiding).
  4416 | D:5      | Reached skill level 7 in Axes
  5033 | D:5      | Found a staircase to the Ecumenical Temple.
  5034 | D:5      | 5034 ||| PLANNING TEMPLE
  5034 | D:5      | 5034 ||| READING 2 scrolls labelled FEONINKIWK.
  5038 | D:5      | 5038 ||| READING scroll labelled YMYTOI YFEXTAM.
  5039 | D:5      | 5039 ||| DRINKING 2 black potions.
  5039 | D:5      | Gained mutation: You have sharp toenails. [potion of
                  | mutation]
  5039 | D:5      | Gained mutation: You expend magic power (3 MP) to
                  | strengthen your wands. [potion of mutation]
  5040 | D:5      | 5040 ||| READING 7 scrolls of identify.
  5040 | D:5      | 5040 ||| IDENTIFYING silvery potion
  5041 | D:5      | 5041 ||| READING 6 scrolls of identify.
  5041 | D:5      | 5041 ||| IDENTIFYING fuming puce potion
  5042 | D:5      | 5042 ||| READING 5 scrolls of identify.
  5042 | D:5      | 5042 ||| IDENTIFYING murky cyan potion
  5043 | D:5      | 5043 ||| DROPPING potion of invisibility.
  5044 | D:5      | 5044 ||| DROPPING potion of degeneration.
  5045 | D:5      | 5045 ||| DROPPING potion of brilliance.
  5053 | Temple   | Entered the Ecumenical Temple
  5129 | Temple   | 5129 ||| PLANNING D:1-11
  5386 | D:6      | Reached XP level 8. HP: 45/49 MP: 8/8
  5570 | D:6      | Found a runed translucent door.
  5570 | D:6      | Noticed qw's ghost (amateur GrFi)
  5651 | D:6      | Identified the +7 glaive "Kigaocs" {elec, rF+ Stlth+}
  5737 | D:6      | Identified the +4 spear "Pyuzi" {vamp, rC+ Str+2 Int-5
                  | SInv}
  5821 | D:6      | Reached skill level 8 in Axes
  6029 | D:6      | 6029 ||| READING scroll labelled PYEFFU FECUMN.
  6030 | D:6      | 6030 ||| READING scroll labelled OROLEA GAVUGO.
  6031 | D:6      | 6031 ||| READING scroll labelled HABLUI NI BUAL.
  6032 | D:6      | 6032 ||| READING 2 scrolls labelled PEOCIE BOYF.
  6033 | D:6      | 6033 ||| READING scroll labelled JESERGH YSEZE.
  6034 | D:6      | 6034 ||| READING 2 scrolls labelled EQAMNE NIASTRI.
  6035 | D:6      | 6035 ||| DROPPING scroll of fog.
  6036 | D:6      | 6036 ||| DROPPING scroll of magic mapping.
  6075 | D:7      | 6075 ||| Stepping ~*~*~tactically~*~*~ (hiding).
  6215 | D:7      | 6215 ||| DRINKING 2 potions of curing.
  6215 | D:7      | 6215 ||| (to cure confusion)
  6325 | D:7      | Reached skill level 6 in Fighting
  6371 | D:7      | Identified the +6 long sword "Ekhaatzy" {holy, rElec rF+
                  | MP+9 Stlth+}
  6649 | D:7      | 6649 ||| DROPPING +1 mace of protection.
  6784 | D:7      | Found a bloodstained altar of Trog.
  6817 | D:7      | 6817 ||| DROPPING amulet of guardian spirit.
  6818 | D:7      | 6818 ||| READING 6 scrolls of identify.
  6818 | D:7      | 6818 ||| IDENTIFYING sapphire potion
  6839 | D:7      | 6839 ||| STAIRDANCE
  6843 | D:7      | 6843 ||| STAIRDANCE
  6847 | D:7      | 6847 ||| STAIRDANCE
  6851 | D:7      | 6851 ||| STAIRDANCE
  6855 | D:7      | 6855 ||| STAIRDANCE
  6859 | D:7      | 6859 ||| STAIRDANCE
  6863 | D:7      | 6863 ||| STAIRDANCE
  6867 | D:7      | 6867 ||| STAIRDANCE
  6871 | D:7      | 6871 ||| STAIRDANCE
  6875 | D:7      | 6875 ||| STAIRDANCE
  6879 | D:7      | 6879 ||| STAIRDANCE
  6883 | D:7      | 6883 ||| STAIRDANCE
  6887 | D:7      | 6887 ||| STAIRDANCE
  6891 | D:7      | 6891 ||| STAIRDANCE
  6895 | D:7      | 6895 ||| STAIRDANCE
  6899 | D:7      | 6899 ||| STAIRDANCE
  6903 | D:7      | 6903 ||| STAIRDANCE
  6907 | D:7      | 6907 ||| STAIRDANCE
  6911 | D:7      | 6911 ||| STAIRDANCE
  6915 | D:7      | 6915 ||| STAIRDANCE
  7035 | D:6      | Noticed a rust devil
  7035 | D:6      | Noticed a rust devil
  7043 | D:6      | 7043 ||| READING scroll of teleportation.
  7043 | D:6      | HP: 7/51 [rust devil (8)]
  7044 | D:6      | Slain by a rust devil

Levels and vault maps discovered:
D:1:      wander_arrival_estate, layout_loops_ring,
          shapermc_ecumenical_altar_pompeii, hangedman_decor_slide_cut
D:2:      layout_basic, basic_altar, minivault_24, uniq_crazy_yiuf_cottage,
          uniq_sigmund, uniq_jessica
D:3:      layout_loops_ring, serial_bayou, serial_bayou_pond_e,
          serial_bayou_shore_b, serial_bayou_lagoon_b, serial_bayou_pond_a
D:4:      layout_basic, uniq_edmund
D:5:      kennysheep_spiral_hall, layout_basic,
          minmay_temple_entry_enclosed_plants, ebering_ghost_gozag
D:6:      cheibrodos_iron_armory, layout_cave_pods, gammafunk_ghost_grave
D:7:      layout_rooms, mainiacjoe_overflow_surrounded_room, serial_aquarium,
          aquarium_bridge_island_small [aquarium_subvault_small_open,
          aquarium_subvault_bridge, aquarium_subvault_wall,
          aquarium_subvault_window, aquarium_subvault_bridge],
          aquarium_window_2, aquarium_window_corner, aquarium_view_2d,
          aquarium_balcony_1a
Temple:   regret_index_temple_waves

Skill      XL: |  1  2  3  4  5  6  7  8 |
---------------+-------------------------+-----
Axes           | 2 3 4 5 7 8 |  8.6
Fighting       | 4 5 6 |  6.0
Dodging        | 2 |  2.2
Throwing       | 2 |  2.0
Armour         | |  3.2
Shields        | |  3.2

Action                   |  1- 3 |  4- 6 |  7- 9 || total
-------------------------+-------+-------+-------++-------
Melee: War axe           |   143 |    86 |   177 ||   406
       Unarmed           |       |    10 |       ||    10
       Kick              |       |       |    19 ||    19
Throw: Boomerang         |       |       |    13 ||    13
       Javelin           |       |       |     6 ||     6
  Use: Scroll            |     1 |     3 |    15 ||    19
       Potion            |       |     1 |     2 ||     3
Armor: Scale mail        |    80 |    37 |    73 ||   190
       Skin              |       |     1 |       ||     1
Dodge: Dodged            |    60 |    20 |    89 ||   169
Block: Buckler           |    33 |    13 |    28 ||    74

Table legend:
 A = Non-vault XP
 B = Vault XP
 C = Vault XP percentage of total XP
 D = Non-vault monster count
 E = Vault monster count
 F = Vault count percentage of total count
                 A         B        C        D         E       F
            +---------+---------+-------+---------+---------+-------
      Total |    1679 |     663 |  28.3 |     114 |       9 |   7.3
            +---------+---------+-------+---------+---------+-------
        D:1 |      44 |       0 |   0.0 |      28 |       0 |   0.0
        D:2 |      33 |     280 |  89.5 |      18 |       2 |  10.0
        D:3 |     133 |       0 |   0.0 |      19 |       0 |   0.0
        D:4 |      48 |     157 |  76.6 |      17 |       1 |   5.6
        D:5 |     426 |      25 |   5.5 |       8 |       4 |  33.3
        D:6 |     521 |     129 |  19.8 |       9 |       1 |  10.0
        D:7 |     474 |      72 |  13.2 |      15 |       1 |   6.2
            +---------+---------+-------+---------+---------+-------
